[Event "I Liga Centralne Srbije"]
[Site "Bajina Bašta, Serbia"]
[Date "2020.10.13"]
[Round "6.1"]
[White "Ivic, Velimir"]
[Black "Dudin, Gleb"]
[Result "1-0"]
[ECO "C42"]
[WhiteElo "2548"]
[BlackElo "2386"]
[Annotator "Knez"]
[PlyCount "81"]
[EventDate "2020.??.??"]
[TimeControl "90"]

1. e4 e5 2. Nf3 Nf6 3. Nxe5 d6 4. Nf3 Nxe4 5. d4 d5 6. Bd3 Nc6 7. O-O Be7 8. Nbd2 Bf5 9. Re1 Nxd2 10. Qxd2 Bxd3 11. Qxd3 O-O 12. c3 a6 13. Bf4 Qd7 14. Re2 Rae8 15. Rae1 Bd8 16. h3 Rxe2 17. Qxe2 f6 18.
Nd2 a5 19. Nb3 b6 20. Nc1 Kf7 21. Qh5+ Kg8 22. Nd3 g6 23. Qf3 Kf7 24. Bg5 Kg7 25. Bd2 g5 26. Qe2 h6 27. f4 Ne7 28. fxg5 hxg5 29. h4 Nc8 30.
hxg5 fxg5 31. Qe5+ Bf6 32. Qg3 Qd8 33. Nf4 Kf7 34. Ne6 Qd6 35.
Qf3 g4 36. Qxg4 Rh8 37. Bf4 Qc6 38. Bg5 Qd6 39. Bxf6 Qh2+ 40. Kf2 Rg8 41. Ng5+ 1-0

[Event "I Liga Centralne Srbije"]
[Site "Bajina Bašta, Serbia"]
[Date "2020.10.13"]
[Round "6.1"]
[White "Djordjevic, Vuk"]
[Black "Perunovic, Miodrag"]
[Result "1-0"]
[ECO "C18"]
[WhiteElo "2347"]
[BlackElo "2440"]
[Annotator "Knez"]
[PlyCount "99"]
[EventDate "2020.??.??"]
[TimeControl "90"]
[WhiteClock "0:04:04"]
[BlackClock "0:00:45"]

1. e4 e6 2. d4 d5 3. Nc3 Bb4 4. e5 c5 5. a3 Bxc3+ 6. bxc3 Qa5 7. Bd2 Qa4 8. h4 Ne7 9. h5 h6 10. Rh4 Nf5 11. Rf4 c4 12. Nf3 Nc6 13.
g3 Bd7 14. Bh3 Rf8 15. g4 Nfe7 16. g5 O-O-O 17. gxh6 gxh6 18. Nh2 Nf5 19. Bxf5 exf5 20. Rh4 Rde8 21. Bxh6 Rg8 22. Kd2 Qa5 23. Be3 Qd8 24. Nf3 f6 25. exf6 Qxf6 26. Qh1 Re4 27. Qh2 Rgg4 28. Rxg4 fxg4 29. Ne5 Nxe5 30. dxe5 Qxe5 31. Qxe5 Rxe5 32. Rh1 Bf5 33. h6 Re7 34. Rh5 Rf7 35. Bd4 Be4 36. Rg5 Kd7 37. Rxg4 a6 38. f4 Ke6 39. Be5 Bh7 40.
Rg2 Be4 41. Rh2 Bh7 42. Ke3 Be4 43. Kd4 b6 44. Rh5 Bxc2 45.
Rh2 Be4 46. Rb2 Rb7 47. Bg7 b5 48. Re2 Kf7 49. f5 a5 50.
Rh2 1-0

[Event "I Liga Centralne Srbije"]
[Site "Bajina Bašta, Serbia"]
[Date "2020.10.13"]
[Round "6.1"]
[White "Pavlovic, Dejan S"]
[Black "Brankovic, Dejan"]
[Result "0-1"]
[ECO "B75"]
[WhiteElo "2390"]
[BlackElo "2300"]
[Annotator "Knez"]
[PlyCount "128"]
[EventDate "2020.??.??"]
[TimeControl "90"]
[BlackClock "1:30:40"]

1. d4 g6 2. e4 Bg7 3. Nc3 c5 4. Nf3 cxd4 5. Nxd4 Nc6 6. Be3 Nf6 7. Bc4 d6 8. f3 Qb6 9. Nf5 Qxb2 10. Nxg7+ Kf8 11. Nd5 Nxd5 12. Bxd5 Kxg7 13. O-O Qc3 14. Re1 Bd7 15. Rb1 Rab8 16. Rb3 Qa5 17. Qa1+ f6 18. Reb1 Qc7 19. Qb2 b6 20. Rc3 Rhc8 21. f4 Qd8 22. Rd1 Qe8 23. Bf2 Na5 24. e5 dxe5 25. fxe5 Rxc3 26. Qxc3 Rc8 27. Qd4 Nc6 28. exf6+ exf6 29. Qf4 Qe5 30. Qd2 Be6 31. c4 Rd8 32. Bg3 Qh5 33. h3 b5 34. Qc1 bxc4 35. Bf3 Qa5 36. Kh2 Rxd1 37. Qxd1 Ne5 38. Be4 Qc5 39. Qa4 Bd7
40. Qa6 Qc7 41. Qa3 Bf5 42. Bxf5 gxf5 43. Qc3 Qc5 44. Kh1 Kg6 45. Bf4 Nd3 46.
Bg3 f4 47. Bh4 Ne5 48. Qc2+ Nd3 49. Qc3 Ne5 50. Qc2+ f5 51. Bf2 Qd5 52. Bxa7 f3
53. Be3 Nd3 54. a4 Qe4 55. Bb6 Qe1+ 56. Kh2 f2 57. Bxf2 Nxf2 58. Qxc4 Qh1+ 59.
Kg3 Ne4+ 60. Kf4 Qh2+ 61. Ke3 Qg3+ 62. Kd4 Qf2+ 63. Ke5 Qb2+ 64. Kf4 Qd2+ {
[%emt 0:35:31] Kg3 Qf4+ Kxf4} 0-1

[Event "I Liga Centralne Srbije"]
[Site "Bajina Bašta, Serbia"]
[Date "2020.10.13"]
[Round "6.1"]
[White "Jevtic, Sasa"]
[Black "Radovanovic, Dusan"]
[Result "1/2-1/2"]
[ECO "E14"]
[WhiteElo "2279"]
[BlackElo "2326"]
[Annotator "Knez"]
[PlyCount "111"]
[EventDate "2020.??.??"]
[TimeControl "90"]
[WhiteClock "0:00:32"]
[BlackClock "0:00:43"]

1. d4 Nf6 2. Nf3 e6 3. e3 b6 4. Bd3 Bb7 5. c4 d5 6. O-O Bd6 7. cxd5 exd5 8. Nc3 Nbd7 9. b3 a6 10. a4 Qe7 11. Bb2 O-O 12. Nd2 Ne4 13.
Bxe4 dxe4 14. Nc4 f5 15. Nxd6 cxd6 16. g3 Nf6 17. Ba3 Qe6 18. a5 b5 19. Ne2 Nd5 20. Nf4 Nxf4 21. gxf4 Bd5 22. Kh1 Bxb3 23. Qd2 Bd5 24. Rac1 Ra7 25. Rg1 Kh8 26. Rc2 Rd7 27. Rg3 Qf7 28. Rc1 Qe6 29. Qb4 h6 30. Rcg1 Kh7 31. Qc3 Rff7 32. Rc1 Rb7 33. Bb4 Qd7 34. Qd2 Rc7 35. Rgg1 Rc4 36. Rxc4 bxc4 37. Qc3 Qc6 38. Qa3 Rd7 39. h3 Bf7 40. Bc3 Qd5 41. Rb1 g5 42. fxg5 hxg5 43. Qa4 Be6 44. Rb8 f4 45. Qd1 f3 46. Qg1 Bxh3 47. Qg3 Kg6 48. Rh8 Bg2+ 49. Kh2 Rh7+ 50. Rxh7 Kxh7 51. Qg4 Kg6 52. Qc8 Qf7 53. Kg3 Kh7 54. d5 Kg6 55. Qd8 Kh5 56. Qh8+ 1/2-1/2

[Event "I Liga Centralne Srbije"]
[Site "Bajina Bašta, Serbia"]
[Date "2020.10.13"]
[Round "6.1"]
[White "Marcetic, Nikola"]
[Black "Topalov, Aleksandar"]
[Result "1/2-1/2"]
[ECO "A47"]
[WhiteElo "2329"]
[BlackElo "2228"]
[Annotator "Knez"]
[PlyCount "83"]
[EventDate "2020.??.??"]
[TimeControl "90"]
[WhiteClock "0:02:25"]
[BlackClock "0:02:00"]

1. d4 Nf6 2. Bg5 e6 3. e3 c5 4. Nd2 cxd4 5. exd4 Be7 6.
Ngf3 b6 7. c3 Bb7 8. Bd3 d6 9. Bxf6 Bxf6 10. Be4 d5 11. Bd3 Qc7 12. O-O O-O 13. Re1 Nd7 14. Qe2 g6 15. Rad1 a5 16. Bb5 Bc6 17. a4 Bxb5 18. Qxb5 Rfc8 19. c4 Qc6 20. Rc1 Qxb5 21. cxb5 Kf8 22. Nb3 Ke8 23. Kf1 Kd8 24. Ke2 Rxc1 25. Rxc1 Rc8 26. Rxc8+ Kxc8 27. Nc1 e5 28. dxe5 Nxe5 29. Nxe5 Bxe5 30. Nd3 Bd6 31. f4 Kd7 32. Kd2 Ke6 33. Kc3 Be7 34. Kd4 f5 35. g3 h6 36. h4 Bf6+ 37. Ke3 Kd6 38.
b3 Bc3 39. Ke2 Bf6 40. Ke3 Bc3 41. Ke2 Bf6 42. Ke3 1/2-1/2

[Event "I Liga Centralne Srbije"]
[Site "Bajina Bašta, Serbia"]
[Date "2020.10.13"]
[Round "6.1"]
[White "Dimitrijevic, Nenad"]
[Black "Zivkovic, Ivan B"]
[Result "1/2-1/2"]
[ECO "B26"]
[WhiteElo "2142"]
[BlackElo "2330"]
[Annotator "Knez"]
[PlyCount "49"]
[EventDate "2020.??.??"]
[TimeControl "90"]
[WhiteClock "0:23:19"]
[BlackClock "0:24:58"]

1. e4 c5 2. Nc3 g6 3. g3 Nc6 4. Bg2 Bg7 5. d3 d6 6. Be3 Qa5 7. Qd2 Nd4 8. f4 e6 9. Nf3 Ne7 10. O-O Nec6 11. e5 d5 12. Bf2 O-O 13. g4 f6 14. exf6 Bxf6 15.
Rae1 Bd7 16. Ne5 Nxe5 17. fxe5 Bg7 18. Bg3 Qb4 19. Qc1 Rxf1+ 20. Rxf1 Nc6 21. Rf4 Qa5 22. Nxd5 exd5 23. Bxd5+ Kh8 24. e6 Nd4 25. Qe3 1/2-1/2

[Event "I Liga Centralne Srbije"]
[Site "Bajina Bašta, Serbia"]
[Date "2020.10.13"]
[Round "6.3"]
[White "Ristic, Nebojsa B"]
[Black "Narancic, Vlado"]
[Result "1-0"]
[ECO "B07"]
[WhiteElo "2312"]
[BlackElo "2281"]
[Annotator "Knez"]
[PlyCount "69"]
[EventDate "2020.??.??"]
[TimeControl "90"]
[WhiteClock "0:17:42"]
[BlackClock "0:38:49"]

1. d4 Nf6 2. Bf4 g6 3. Nc3 Bg7 4. e4 d6 5. Qd2 c6 6. f3 O-O 7. O-O-O Qc7 8. Bh6 e5 9. dxe5 dxe5 10. h4 Nh5 11. Bxg7 Kxg7 12. Nge2 Be6 13. g4 Nf6 14. h5 b5 15. Ng3 Ng8 16. Bd3 Qe7 17. g5 Rd8 18. f4 exf4 19. Qxf4 b4 20. Nce2 Kf8 21. hxg6 hxg6 22. Rh8 Qc5 23. e5 Nd7 24. Nd4 Bxa2 25. e6 Ne5 26. Qf6 Rxd4 27. e7+ Qxe7 28. Rxg8+ Kxg8 29. Qxe7 Nxd3+ 30. cxd3 Rh4 31. Ne4 a5 32. Nf6+ Kg7 33. Re1 Rhh8 34. Qe5 Kf8 35. Ne8 1-0

[Event "I Liga Centralne Srbije"]
[Site "Bajina Bašta, Serbia"]
[Date "2020.10.13"]
[Round "6.3"]
[White "Djoric, Dusan"]
[Black "Spasic, Petar"]
[Result "1/2-1/2"]
[ECO "A43"]
[WhiteElo "2303"]
[BlackElo "2251"]
[Annotator "Knez"]
[PlyCount "71"]
[EventDate "2020.??.??"]
[TimeControl "90"]
[WhiteClock "0:01:49"]
[BlackClock "0:14:45"]

1. d4 c5 2. dxc5 e6 3. Nc3 Bxc5 4. Ne4 d5 5. Nxc5 Qa5+ 6.
c3 Qxc5 7. Qd4 Qxd4 8. cxd4 Nc6 9. e3 Nge7 10. Bd2 f6 11.
Nf3 O-O 12. Bd3 e5 13. dxe5 fxe5 14. e4 dxe4 15. Bxe4 Bf5 16. Ng5 Rad8 17. Bxf5 Rxf5 18. Ne4 Nd5 19. O-O-O Nf6 20. Nxf6+ Rxf6 21. Be3 Rfd6 22. Rxd6 Rxd6 23. f3 Kf7 24. a3 Ke6 25. Kc2 b6 26. Re1 h5 27. h3 Rd7 28. Re2 h4 29. Rd2 Rc7 30. Kd3 Kf5 31. Rc2 Rd7+ 32. Ke2 Ne7 33.
Rc4 Ng6 34. Rg4 Rc7 35. Kd2 Rd7+ 36. Ke2 1/2-1/2

[Event "I Liga Centralne Srbije"]
[Site "Bajina Bašta, Serbia"]
[Date "2020.10.13"]
[Round "6.3"]
[White "Djordjevic, Miroslav"]
[Black "Bozic, Milan"]
[Result "0-1"]
[ECO "A02"]
[WhiteElo "1885"]
[BlackElo "2270"]
[Annotator "Knez"]
[PlyCount "78"]
[EventDate "2020.??.??"]
[TimeControl "90"]
[WhiteClock "0:55:20"]
[BlackClock "0:00:33"]

1. f4 c5 2. Nf3 Nc6 3. e3 Nf6 4. d3 d6 5. e4 g6 6. Be2 Bg7 7. O-O O-O 8. c3 c4 9. Na3 cxd3 10. Bxd3 a6 11. Qe1 b5 12. Nc2 Bb7 13.
a4 bxa4 14. Rxa4 a5 15. Qh4 Nd7 16. f5 Bf6 17. Bg5 Nce5 18.
Bxf6 exf6 19. Nxe5 Nxe5 20. Rd4 Kg7 21. Ne1 g5 22. Qh5 h6 23.
Nf3 Nxd3 24. Rxd3 Ba6 25. Nd4 Qb6 26. Rh3 Rh8 27. Rf2 Kf8 28.
Rg3 Ke7 29. h3 a4 30. Nc2 Qxb2 31. Nb4 Qc1+ 32. Kh2 Bb7 33. Nd5+ Bxd5 34. exd5 a3 35. Re2+ Kf8 36. Rge3 Rh7 37. Re7 Qf4+ 38. g3 Qxf5 39. Rxf7+ Rxf7 0-1

[Event "I Liga Centralne Srbije"]
[Site "Bajina Bašta, Serbia"]
[Date "2020.10.13"]
[Round "6.3"]
[White "Popovic, Nenad"]
[Black "Milic, Slobodan"]
[Result "1-0"]
[ECO "D30"]
[WhiteElo "2249"]
[BlackElo "1888"]
[Annotator "Knez"]
[PlyCount "79"]
[EventDate "2020.??.??"]
[TimeControl "90"]
[WhiteClock "0:00:31"]
[BlackClock "0:35:26"]

1. d4 d5 2. c4 c6 3. e3 Nf6 4. Bd3 e6 5. Nd2 Be7 6. Ngf3 Nbd7 7. Qc2 dxc4 8.
Nxc4 c5 9. b3 cxd4 10. Nxd4 Bb4+ 11. Kf1 O-O 12. a3 Be7 13. Bb2 a6 14. b4 Qc7 15. Qb3 b5 16. Na5 Nb6 17. Rc1 Qd7 18. Rd1 Qe8 19. Nf3 Bd7 20.
Bd4 Nbd5 21. g3 Bd8 22. Nb7 Bb6 23. e4 Bxd4 24. Nxd4 Ne7 25. Nc5 Nc6 26. Ne2 Rd8 27. Nxa6 Ne5 28. Bb1 Bc6 29. Nc5 Qe7 30. Nd4 Ba8 31. Kg2 Nfd7 32. f4 Ng4 33. Qc3 Nxc5 34. bxc5 Rc8 35. Rc1 Rfd8 36. Nxb5 f5 37. Nd6 Rc7 38. Rhe1 g5 39. Nxf5 Qf8 40. Ba2 1-0

[Event "I Liga Centralne Srbije"]
[Site "Bajina Bašta, Serbia"]
[Date "2020.10.13"]
[Round "6.4"]
[White "Dimitrov, Radoslav"]
[Black "Brenjo, Slavisa"]
[Result "0-1"]
[ECO "A01"]
[WhiteElo "2507"]
[BlackElo "2412"]
[Annotator "Knez"]
[PlyCount "146"]
[EventDate "2020.??.??"]
[TimeControl "90"]
[WhiteClock "0:01:05"]
[BlackClock "0:02:53"]

1. b3 e5 2. Bb2 Nc6 3. e3 d5 4. Bb5 f6 5. c4 Nge7 6. d4 exd4 7. exd4 a6 8. Ba4 Nf5 9. Ne2 dxc4 10. bxc4 Bb4+ 11. Nbc3 O-O 12. a3 Ba5 13. d5 Ne5 14. Bb3 c5 15. Nf4 Nd6 16. Ne6 Bxe6 17. dxe6 Ne4 18. Qc2 Nxc3 19. Bxc3 Qd4 20. Bxa5 Qxa1+ 21. Qd1 Qxd1+ 22. Kxd1 Rfe8 23. f4 Nc6 24. Bb6 Nd4 25. Ba4 Rxe6 26. Bxc5 Rd8 27. Kc1 b5 28. Bd1 bxc4 29. Kb2 Ne2 30. g3 Rd2+ 31. Bc2 Rc6 32. Be3 Rd8 33. Re1 c3+ 34. Ka2 Nd4 35. Rd1 Rb6 36. Bc1 Rdd6 37. Bd3 Kf8 38. Bc4 Rbc6 39. Bf1 c2 40. Rd3 Nb5 41. a4 Nc3+ 42. Kb3 Ne4 43.
Rxd6 Rxd6 44. Kxc2 Rc6+ 45. Kb2 Nc5 46. a5 Na4+ 47. Kb1 Nc3+ 48. Kb2 Na4+ 49. Kb1 Ke7 50. Bg2 Rc3 51. Bd2 Rb3+ 52. Kc1 Kd6 53.
Be4 Kc5 54. Bxh7 Kd4 55. Bf5 Nc5 56. Kc2 Ra3 57. Kd1 Ra1+ 58.
Ke2 Ra2 59. Ke1 Ne4 60. Bb4 Ke3 61. Kf1 Kf3 62. Bxe4+ Kxe4 63. h4 Kf3 64. Ke1 Kxg3 65. Bf8 Kxh4 66. Bxg7 f5 67. Bc3 Kg4 68. Bd2 Kf3 69. Kd1 Ke4 70. Kc1 Kd3 71. Bb4 Ra4 72. Bd2 Ra1+ 73. Kb2 Kxd2 0-1

[Event "I Liga Centralne Srbije"]
[Site "Bajina Bašta, Serbia"]
[Date "2020.10.13"]
[Round "6.4"]
[White "Savic, Miodrag R"]
[Black "Vratonjic, Slobo"]
[Result "1/2-1/2"]
[ECO "B07"]
[WhiteElo "2433"]
[BlackElo "2341"]
[Annotator "Knez"]
[PlyCount "36"]
[EventDate "2020.??.??"]
[TimeControl "90"]
[WhiteClock "0:46:34"]
[BlackClock "0:40:00"]

1. e4 c5 2. c3 d6 3. d4 Nf6 4. Bd3 g6 5. Nf3 Bg7 6. O-O O-O 7. Re1 a6 8. h3 Qc7 9. e5 Nfd7 10. e6 fxe6 11. Ng5 Nf6 12. Qe2 Kh8 13. Nxe6 Bxe6 14. Qxe6 cxd4 15. Qxe7 Nbd7 16. Qe2 Nb8 17. Qe7 Nbd7 18. Qe6 Nb8 1/2-1/2

[Event "I Liga Centralne Srbije"]
[Site "Bajina Bašta, Serbia"]
[Date "2020.10.13"]
[Round "6.4"]
[White "Radovanovic, Jovica"]
[Black "Ravic, Nenad"]
[Result "1-0"]
[ECO "E63"]
[WhiteElo "2303"]
[BlackElo "2241"]
[Annotator "Knez"]
[PlyCount "75"]
[EventDate "2020.??.??"]
[TimeControl "90"]

1. d4 Nf6 2. Nf3 g6 3. c4 Bg7 4. g3 O-O 5. Bg2 d6 6. O-O a6 7. Nc3 Nc6 8. h3 Rb8 9. e4 b5 10. e5 dxe5 11. dxe5 Qxd1 12. Rxd1 Nd7 13. cxb5 axb5 14. Be3
Nb6 15. Nxb5 Nc4 16. Na7 Nxe3 17. Nxc6 Nxd1 18. Nxb8 Nxb2 19. Nc6 Re8 20. Rb1
Nc4 21. Rb4 Be6 22. a4 Bd5 23. a5 e6 24. Nfd4 Bf8 25. Bxd5
exd5 26. Rb7 Bc5 27. a6 Bb6 28. a7 Kf8 29. Nb5 Bxa7 30. Rxa7 Nxe5 31. Nxe5 Rxe5 32. Rxc7 Re1+ 33.
Kg2 Rd1 34. Nd6 f5 35. Rxh7 d4 36. Rf7+ Kg8 37. Rd7 d3 38. Nc4 1-0

[Event "I Liga Centralne Srbije"]
[Site "Bajina Bašta, Serbia"]
[Date "2020.10.13"]
[Round "6.4"]
[White "Djakovac, Enes"]
[Black "Ilic, Dragan"]
[Result "1/2-1/2"]
[ECO "C04"]
[WhiteElo "2165"]
[BlackElo "2291"]
[Annotator "Knez"]
[PlyCount "51"]
[EventDate "2020.??.??"]
[TimeControl "90"]
[WhiteClock "0:15:02"]
[BlackClock "0:38:17"]

1. e4 e6 2. d4 d5 3. Nd2 Nc6 4. Ngf3 Nf6 5. e5 Nd7 6. Be2 f6 7. exf6 Qxf6 8. Nb3 Bd6 9. Bg5 Qg6 10. h4 O-O 11. Bd3 Qe8 12. Qd2 e5 13.
dxe5 Ndxe5 14. O-O-O Nxd3+ 15. Qxd3 Nb4 16. Qd2 Nxa2+ 17. Kb1 Nb4 18. Be3 Qa4 19. Qc3 b6 20. h5 Qa2+ 21. Kc1 Qa4 22. Kb1 Rxf3 23. gxf3 Bf5
24. Rd2 c5 25. h6 d4 26. Qc4+ 1/2-1/2